[Event "Team 45 45 League T41"]
[Site "Internet Chess Club"]
[Date "2009.05.07"]
[Round "2"]
[White "Uwak"]
[Black "pestka"]
[Result "1-0"]
[WhiteElo "2381"]
[BlackElo "2209"]
[Opening "Pirc defense"]
[ECO "B07"]
[Time "05:04:44"]
[TimeControl "2700+45"]

1. e4 d6 2. d4 Nf6 3. Nc3 Nbd7 4. f4 e5 5. Nf3 exd4 6. Qxd4 c6 7. Be3 Qb6 8.
O-O-O Qxd4 9. Bxd4 Be7 10. Bd3 O-O 11. Rhe1 a6 12. e5 Nh5 13. Be3 dxe5 14. fxe5
Nc5 15. Bxc5 Bxc5 16. e6 g6 17. exf7+ Kxf7 18. Bc4+ Kg7 19. Ne4 Bb4 20. c3 b5
21. Bb3 Be7 22. Ne5 Bf5 23. Nxc6 Bxe4 24. Rxe4 Bg5+ 25. Kb1 Rae8 26. Rxe8 Rxe8
27. Nd4 Bf6 28. Ne6+ Kh8 29. g4 Ng7 30. g5 Be5 31. Nd8 Nf5 32. Nf7+ Kg7 33. Re1
{Black resigns} 1-0

[Event "Team 45 45 League T41"]
[Site "Internet Chess Club"]
[Date "2009.05.10"]
[Round "2"]
[White "fledermaus"]
[Black "freestyle"]
[Result "0-1"]
[WhiteElo "1978"]
[BlackElo "2335"]
[Opening "Old Benoni defense"]
[ECO "A46"]
[Time "16:01:49"]
[TimeControl "2700+45"]

1. d4 Nf6 2. Nf3 c5 3. d5 g6 4. Nc3 Bg7 5. e4 d6 6. Be2 Na6 7. O-O Nc7 8. a4 a6
9. Nd2 Bd7 10. a5 Nb5 11. Ncb1 O-O 12. c3 e6 13. Bc4 Qc7 14. Na3 exd5 15. exd5
Qxa5 16. Nxb5 Qxa1 17. Na3 b5 18. Bb3 c4 19. Nf3 cxb3 20. Qxb3 a5 21. Bf4 a4 22.
Qc2 Qa2 23. Qc1 Qxd5 {White resigns} 0-1

[Event "Team 45 45 League T41"]
[Site "Internet Chess Club"]
[Date "2009.05.08"]
[Round "2"]
[White "Gaia"]
[Black "Holzschlange"]
[Result "0-1"]
[WhiteElo "1942"]
[BlackElo "1917"]
[Opening "Giuoco Piano"]
[ECO "C44"]
[Time "20:00:12"]
[TimeControl "2700+45"]

1. e4 e5 2. d4 exd4 3. Nf3 Nc6 4. Bc4 Bc5 5. c3 Nf6 6. e5 d5 7. Bb5 Ne4 8. Nxd4
Bd7 9. Bxc6 bxc6 10. O-O O-O 11. f3 Ng5 12. f4 Ne6 13. f5 Nxd4 14. cxd4 Bb6 15.
f6 Re8 16. Kh1 Be6 17. Qd2 h6 18. Rf3 g5 19. h4 Bg4 20. Rg3 Qd7 21. hxg5 Qf5 22.
Qf4 Qxf4 23. Bxf4 h5 24. Rd3 Kh7 25. Na3 Kg6 26. Rc1 Kf5 27. g3 h4 28. Rxc6 hxg3
29. Bxg3 Ke4 30. Rcc3 Bxd4 31. Rxd4+ Kxd4 32. Nb5+ Ke4 33. Nxc7 Rh8+ 34. Kg1
Rac8 35. e6 d4 36. Rc4 Bxe6 37. Ra4 Kf3 38. Ra3+ Kg4 39. Nxe6 fxe6 40. g6 Kg5
41. g7 Rhg8 42. Be5 Kf5 43. Bxd4 e5 44. Rf3+ Ke4 45. f7 Rxg7+ 46. Kf2 Rc2+ 47.
Ke1 exd4 48. f8=Q Rg1+ 49. Rf1 Rc1+ 50. Kd2 Rcxf1 51. Qe7+ Kd5 52. Qd7+ Ke5 53.
Qb5+ Kf4 54. Qb8+ Ke4 55. Qb7+ Ke5 56. Qe7+ Kd5 57. Qd7+ Ke5 58. Qxa7 Rf2+ 59.
Kd3 Rg3+ 60. Kc4 Rc2+ 61. Kb5 Rxb2+ 62. Kc5 Rc3# {White checkmated} 0-1

[Event "Team 45 45 League T41"]
[Site "Internet Chess Club"]
[Date "2009.05.10"]
[Round "2"]
[White "baumhauer"]
[Black "mcplayerus"]
[Result "1-0"]
[WhiteElo "1923"]
[BlackElo "2082"]
[Opening "Sicilian: Kan, 5.Bd3"]
[ECO "B42"]
[Time "08:00:10"]
[TimeControl "2700+45"]

1. e4 c5 2. Nf3 e6 3. d4 cxd4 4. Nxd4 a6 5. Bd3 b5 6. O-O Bb7 7. a4 b4 8. c3 Nc6
9. Qe1 Nge7 10. f4 bxc3 11. bxc3 Qa5 12. Bd2 Qc7 13. Kh1 h5 14. Na3 h4 15. h3 g6
16. Nc4 d5 17. exd5 Nxd4 18. cxd4 Nxd5 19. Rc1 Bd6 20. Bxg6 Qe7 21. Rb1 Bxf4 22.
Bxf4 Nxf4 23. Rxb7 Qg5 24. Bxf7+ Kf8 25. Qe4 {Black resigns} 1-0

[Event "Team 45 45 League T41"]
[Site "Internet Chess Club"]
[Date "2009.05.09"]
[Round "2"]
[White "andretta"]
[Black "easycure"]
[Result "0-1"]
[WhiteElo "2347"]
[BlackElo "2393"]
[Opening "Benoni: fianchetto, 11...Re8"]
[ECO "A62"]
[Time "10:17:55"]
[TimeControl "2700+45"]

1. d4 e6 2. c4 Nf6 3. g3 c5 4. d5 exd5 5. cxd5 d6 6. Nc3 g6 7. Nf3 Bg7 8. Bg2
O-O 9. O-O Re8 10. Nd2 a6 11. a4 Nbd7 12. Nc4 Nb6 13. Na3 Bd7 14. e4 Qc7 15. Be3
Ng4 16. Bf4 Ne5 17. Bxe5 Bxe5 18. a5 Nc8 19. Nc4 Bd4 20. Ne2 Bg7 21. Qc2 Bb5 22.
Ra2 Bxc4 23. Qxc4 b5 24. axb6 Nxb6 25. Qc2 Reb8 26. b4 Nd7 27. bxc5 Qxc5 28. Qd3
Ne5 29. Qd2 a5 30. Rc1 Qb4 31. Qd1 a4 32. Nd4 Qxd4 33. Qxd4 Nf3+ 34. Bxf3 Bxd4
35. Rc4 Rb1+ 36. Kg2 Ra1 37. Rcc2 Rxa2 38. Rxa2 a3 39. Kf1 Bb2 40. Ke2 Ra4 41.
Kd3 Kg7 42. Be2 f5 43. exf5 gxf5 44. Bf3 Kf6 45. Bg2 f4 {White resigns} 0-1

[Event "Team 45 45 League T41"]
[Site "Internet Chess Club"]
[Date "2009.05.09"]
[Round "2"]
[White "xakelari"]
[Black "jorobo"]
[Result "0-1"]
[WhiteElo "2049"]
[BlackElo "2194"]
[Opening "French: advance variation"]
[ECO "C02"]
[Time "10:20:53"]
[TimeControl "2700+45"]

1. e4 e6 2. d4 d5 3. e5 c5 4. c3 Qb6 5. Nf3 Nc6 6. a3 Bd7 7. b4 cxd4 8. cxd4 Rc8
9. Bb2 Na5 10. Nbd2 Nc4 11. Nxc4 dxc4 12. Rc1 a5 13. Nd2 axb4 14. Nxc4 Qd8 15.
a4 Bc6 16. a5 Ra8 17. f3 g6 18. Qb3 Bd5 19. Qa4+ Bc6 20. Qb3 Bh6 21. Nd6+ Kf8
22. Ra1 Rxa5 23. Qxb4 Rxa1+ 24. Bxa1 Ne7 25. Bc3 Nd5 26. Qc5 Kg7 27. Ba5 Qg5 28.
Ne4 Qe3+ 29. Be2 Nf4 30. Qc4 Bd5 31. Bd2 Bxc4 32. Bxe3 Nxe2 33. Bxh6+ Kxh6 34.
Nd6 Ra8 35. Nxc4 Ra1+ 36. Kxe2 Rxh1 37. Nd6 Rb1 38. Nxf7+ Kg7 39. Ng5 Rb6 40.
Kd3 h6 41. Ne4 Rb2 42. Kc3 Rxg2 43. Nc5 Kf7 44. Nxb7 Rxh2 45. Kd3 h5 46. Nd6+
Ke7 47. Ne4 Rg2 48. f4 Kd7 49. Nc5+ Ke7 50. Ne4 h4 51. Ke3 h3 52. Kf3 Ra2 53.
Ng3 h2 54. Nh1 Kd7 55. Ng3 Ra3+ 56. Kg2 Rxg3+ {White resigns} 0-1

[Event "Team 45 45 League T41"]
[Site "Internet Chess Club"]
[Date "2009.05.11"]
[Round "2"]
[White "Blade"]
[Black "alegro"]
[Result "1-0"]
[WhiteElo "2149"]
[BlackElo "1936"]
[Opening "Queen's pawn game"]
[ECO "D00"]
[Time "11:59:45"]
[TimeControl "2700+45"]

1. d4 d5 2. g3 Nf6 3. Bg2 e6 4. Nf3 c5 5. O-O cxd4 6. Bf4 Nc6 7. Nxd4 Bd6 8.
Nxc6 bxc6 9. Bxd6 Qxd6 10. e4 Qb4 11. exd5 cxd5 12. b3 O-O 13. c3 Qb6 14. Re1
Ba6 15. Nd2 Rac8 16. Rc1 Rc7 17. Qc2 Rfc8 18. c4 Ng4 19. Rf1 dxc4 20. bxc4 Ne5
21. Rb1 Qd4 22. Be4 g6 23. Rfd1 Bxc4 24. Nf1 Qc5 25. Ne3 Ba6 26. Qb2 Qc3 27. Rd6
Qxb2 28. Rxb2 Rc1+ 29. Kg2 Nc4 30. Nxc4 Bxc4 31. h3 Bf1+ 32. Kh2 Re1 33. f3 Rcc1
34. Rd7 a6 35. g4 Bb5 36. Rb7 g5 37. Kg3 Rg1+ 38. Kf2 Rh1 39. Kg2 Rcg1+ 40. Kf2
Rf1+ 41. Kg3 Kg7 42. Rb6 Ra1 43. Kg2 Rhe1 44. Kf2 h6 45. Bb7 Rh1 46. Kg3 Rag1+
47. Kf2 Rf1+ 48. Kg3 Rfg1+ 49. Kf2 Bf1 50. f4 Bxh3 51. Bxh1 Rxh1 52. fxg5 Bxg4
53. gxh6+ Rxh6 54. R2b4 f5 55. Rxa6 Rh2+ 56. Ke3 Kf6 57. a4 Kg5 58. Ra5 Re2+ 59.
Kd3 e5 60. Rxg4+ {Black resigns} 1-0

[Event "Team 45 45 League T41"]
[Site "Internet Chess Club"]
[Date "2009.05.10"]
[Round "2"]
[White "Folgers"]
[Black "VammSK"]
[Result "1-0"]
[WhiteElo "2063"]
[BlackElo "2233"]
[Opening "Levitsky attack (Queen's bishop attack)"]
[ECO "D00"]
[Time "10:10:28"]
[TimeControl "2700+45"]

1. d4 d5 2. Bg5 c6 3. Nd2 Nd7 4. e3 Ngf6 5. Bd3 e6 6. f4 Be7 7. Ngf3 c5 8. c3 c4
9. Bc2 b5 10. a3 Bb7 11. O-O a5 12. Ne5 Nxe5 13. fxe5 Nd7 14. Bxe7 Qxe7 15. Qg4
f5 16. exf6 Nxf6 17. Qh4 O-O-O 18. e4 Rde8 19. Rae1 dxe4 20. Nxe4 Ref8 21. Nc5
Bd5 22. Bf5 g5 23. Qg3 Nh5 24. Qe5 Nf4 25. Bxe6+ Bxe6 26. Nxe6 Nd3 27. Rxf8+
Rxf8 28. Qxb5 Nxe1 29. Qxc4+ Kb8 30. Qb5+ Kc8 31. Qc6+ Kb8 32. Qb6+ Kc8 33. Nxf8
Qe3+ 34. Kh1 {Black resigns} 1-0

[Event "Team 45 45 League T41"]
[Site "Internet Chess Club"]
[Date "2009.05.09"]
[Round "2"]
[White "PUUNTUUPPAAJA"]
[Black "charles-allen"]
[Result "1-0"]
[WhiteElo "2053"]
[BlackElo "1845"]
[Opening "KGD: Falkbeer counter-gambit"]
[ECO "C31"]
[Time "10:00:09"]
[TimeControl "2700+45"]

1. e4 e5 2. f4 d5 3. exd5 exf4 4. Bc4 Qh4+ 5. Kf1 f3 6. d4 fxg2+ 7. Kxg2 Bg4 8.
Qd3 Nd7 9. Bf4 O-O-O 10. Nd2 Nh6 11. Bg3 Qh5 12. h3 Bf5 13. Qf3 Qxf3+ 14. Ngxf3
Bxc2 15. Rac1 Bg6 16. Bb5 a6 17. Rxc7+ Kb8 18. Rxd7+ Kc8 19. Rc1+ {Black
resigns} 1-0

[Event "Team 45 45 League T41"]
[Site "Internet Chess Club"]
[Date "2009.05.11"]
[Round "2"]
[White "poni"]
[Black "MikkoN"]
[Result "0-1"]
[WhiteElo "2033"]
[BlackElo "1979"]
[Opening "Réti opening"]
[ECO "A87"]
[Time "13:06:55"]
[TimeControl "2700+45"]

1. Nf3 g6 2. c4 Bg7 3. d4 f5 4. Nc3 Nf6 5. g3 O-O 6. Bg2 d6 7. O-O Qe8 8. d5 c6
9. Rb1 Na6 10. b4 Bd7 11. dxc6 bxc6 12. a3 Nc7 13. Bb2 h6 14. c5 d5 15. Ne5 e6
16. e3 Bc8 17. Re1 a5 18. Ne2 axb4 19. axb4 Ne4 20. Nf4 g5 21. Nfd3 Ba6 22. f3
Nf6 23. Qc2 Bb5 24. Ra1 Na6 25. Bc3 Nd7 26. Qb2 Bf6 27. e4 dxe4 28. fxe4 f4 29.
Nxd7 Bxc3 30. Qxc3 Qxd7 31. Rad1 Rad8 32. Nf2 Qg7 33. Qb3 Nc7 34. Bh3 Kh8 35.
Bxe6 fxg3 36. hxg3 Rxd1 37. Nxd1 Qd4+ 38. Kh1 Qd2 39. Rg1 Bd3 40. Bh3 Bxe4+ 41.
Bg2 Bxg2+ 42. Rxg2 Rf1+ 43. Rg1 Rxg1+ 44. Kxg1 Qe1+ 45. Kg2 Nd5 46. Qb2+ Kg8 47.
Qb3 Qxb4 48. Qf3 Qxc5 49. Qe4 Qd6 50. Nf2 Kg7 51. Nd3 Nf6 52. Qe2 c5 53. Ne5
Qd5+ 54. Kh2 Qe4 55. Qb2 Kh7 56. Qb8 Qxe5 {White resigns} 0-1

[Event "Team 45 45 League T41"]
[Site "Internet Chess Club"]
[Date "2009.05.12"]
[Round "2"]
[White "Beancounter"]
[Black "parrot9"]
[Result "0-1"]
[WhiteElo "1667"]
[BlackElo "1761"]
[Opening "English: four knights, kingside fianchetto"]
[ECO "A29"]
[Time "14:36:08"]
[TimeControl "2700+45"]

1. c4 e5 2. Nc3 Nf6 3. Nf3 Nc6 4. g3 d5 5. cxd5 Nxd5 6. Bg2 Be6 7. O-O Be7 8. d3
Qd7 9. Ne4 f6 10. a3 g5 11. Qc2 O-O-O 12. Nc5 Bxc5 13. Qxc5 h5 14. h4 g4 15. Nd2
f5 16. Nc4 f4 17. Bxd5 Bxd5 18. gxf4 g3 19. fxg3 Qh3 20. Qe3 Qg2# {White
checkmated} 0-1

[Event "Team 45 45 League T41"]
[Site "Internet Chess Club"]
[Date "2009.05.08"]
[Round "2"]
[White "allanchs"]
[Black "rayngrant"]
[Result "1/2-1/2"]
[WhiteElo "1555"]
[BlackElo "1591"]
[Opening "French: Tarrasch, open variation, main line"]
[ECO "C09"]
[Time "07:12:51"]
[TimeControl "2700+45"]

1. e4 e6 2. d4 d5 3. Nd2 c5 4. exd5 exd5 5. Ngf3 Nc6 6. Bb5 Qb6 7. Qe2+ Be6 8.
Ng5 Be7 9. Nxe6 fxe6 10. dxc5 Qxc5 11. O-O Nf6 12. Nf3 O-O 13. Be3 Qd6 14. Rad1
a6 15. Ba4 b5 16. Bb3 Na5 17. Rfe1 Nxb3 18. axb3 Rae8 19. Bd4 Bd8 20. Ne5 Ne4
21. f3 Nf6 22. Qe3 Nd7 23. Qc3 Bf6 24. Nxd7 Qxd7 25. Be5 Rc8 26. Qd3 Qa7+ 27.
Kh1 Qf2 28. Re2 Qh4 29. Bg3 Qh5 30. Rxe6 Bxb2 31. Rxa6 Rc3 32. Qxb5 Rcxf3 33.
Bd6 R3f6 34. Rb1 Be5 35. Bxe5 Rxa6 36. Qxa6 Qxe5 37. h3 Qe4 38. Qd3 Qe5 39. Rd1
Rd8 40. Qd4 Qg3 41. c4 Qxb3 42. cxd5 Rd6 43. Kg1 h6 44. Qd3 Qb6+ 45. Qd4 Qb3 46.
Qd3 {Game drawn by mutual agreement} 1/2-1/2

[Event "Team 45 45 League T41"]
[Site "Internet Chess Club"]
[Date "2009.05.11"]
[Round "2"]
[White "BenjaminSisko"]
[Black "Invicta-Knight"]
[Result "0-1"]
[WhiteElo "1507"]
[BlackElo "1598"]
[Opening "Scandinavian (center counter) defense"]
[ECO "B01"]
[Time "16:36:54"]
[TimeControl "2700+45"]

1. e4 d5 2. exd5 Qxd5 3. Nf3 Nf6 4. Nc3 Qd6 5. Bb5+ c6 6. Bc4 Bg4 7. h3 Bh5 8.
O-O Nbd7 9. Qe2 O-O-O 10. a4 Bxf3 11. Qxf3 Ne5 12. Qf5+ e6 13. Qf4 Nxc4 14. Qxc4
h6 15. d3 Qc5 16. Qb3 Qb4 17. Qa2 Bd6 18. Bd2 Qh4 19. a5 a6 20. b4 g5 21. Ne2
Rhg8 22. Qc4 Qxc4 23. dxc4 Bh2+ 24. Kxh2 Rxd2 25. Rfe1 Rxc2 26. Rac1 Rd2 27. b5
Rgd8 28. Nc3 Rxf2 29. bxa6 bxa6 30. Rf1 Rdd2 31. Rxf2 Rxf2 32. Kg1 Rb2 33. Rf1
Rc2 34. Na4 Nh5 35. Rxf7 Nf4 36. Nb6+ Kd8 37. Rd7+ Ke8 38. Rd6 Rxg2+ 39. Kf1 Ra2
40. Rxc6 Rxa5 41. Rc8+ Ke7 42. c5 Ra1+ 43. Kf2 Nxh3+ 44. Kg3 Nf4 45. c6 Rc1 46.
c7 Kd6 47. Rd8+ Kxc7 48. Rc8+ Kxb6 49. Rxc1 a5 50. Rb1+ Kc5 51. Rb7 a4 52. Kf3
a3 53. Ke4 Kc4 54. Kf3 a2 {White resigns} 0-1

[Event "Team 45 45 League T41"]
[Site "Internet Chess Club"]
[Date "2009.05.08"]
[Round "2"]
[White "EyeAm"]
[Black "kublai"]
[Result "1-0"]
[WhiteElo "1530"]
[BlackElo "1483"]
[Opening "French: exchange variation"]
[ECO "C01"]
[Time "17:00:05"]
[TimeControl "2700+45"]

1. e4 e6 2. d4 d5 3. exd5 exd5 4. c4 Nf6 5. Nf3 Be7 6. Nc3 O-O 7. Be2 Bb4 8. O-O
Nc6 9. a3 Be7 10. Re1 Bg4 11. Be3 Na5 12. c5 c6 13. h3 Bxf3 14. Bxf3 Nc4 15. Bf4
Nxb2 16. Qb1 Nc4 17. Qxb7 Qa5 18. Na2 Bxc5 19. dxc5 Qxc5 20. Nb4 Na5 21. Qe7
Qxe7 22. Rxe7 Nb3 23. Rd1 c5 24. Nxd5 Nxd5 25. Bxd5 Rae8 26. Rxe8 Nd4 27. Rxf8+
Kxf8 28. Bd6+ Ke8 29. Bxc5 Ne2+ {Black resigns} 1-0

[Event "Team 45 45 League T41"]
[Site "Internet Chess Club"]
[Date "2009.05.09"]
[Round "2"]
[White "fishhead"]
[Black "SCUGrad"]
[Result "1-0"]
[WhiteElo "1955"]
[BlackElo "1461"]
[Opening "Ruy Lopez: Worrall attack, solid line"]
[ECO "C86"]
[Time "20:20:03"]
[TimeControl "2700+45"]

1. e4 e5 2. Nf3 Nc6 3. Bb5 a6 4. Ba4 Nf6 5. O-O Be7 6. Qe2 b5 7. Bb3 d6 8. c3
Na5 9. Bc2 c5 10. d4 cxd4 11. cxd4 Qc7 12. Be3 Nc4 13. Bc1 O-O 14. b3 Nb6 15.
Bb2 Bg4 16. Bd3 Nbd7 17. Nbd2 Rac8 18. h3 Bh5 19. g4 Bg6 20. Nh4 Qb6 21. Ndf3
Rc7 22. Nxg6 fxg6 23. dxe5 dxe5 24. Nxe5 Rfc8 25. Rad1 Nf8 26. Bb1 Ne6 27. Kh2
Bd6 28. f4 g5 29. Nd3 gxf4 30. e5 Nd5 31. exd6 Qxd6 32. Be5 f3 33. Qxf3 Nd4 34.
Bxd6 Nxf3+ 35. Rxf3 Rc3 36. Ne5 Rxf3 37. Nxf3 Nc3 38. Rc1 Rd8 39. Bc7 Rd1 40.
Rxd1 Nxd1 {Black resigns} 1-0

[Event "Team 45 45 League T41"]
[Site "Internet Chess Club"]
[Date "2009.05.09"]
[Round "2"]
[White "AndersO"]
[Black "isolani"]
[Result "0-1"]
[WhiteElo "1426"]
[BlackElo "1470"]
[Opening "Scandinavian (center counter) defense"]
[ECO "B01"]
[Time "17:01:40"]
[TimeControl "2700+45"]

1. e4 d5 2. exd5 Qxd5 3. Nc3 Qa5 4. d4 Nf6 5. Bd2 c6 6. Nf3 Qb6 7. Na4 Qc7 8.
Bd3 Bg4 9. O-O e6 10. Re1 Be7 11. c4 O-O 12. Qe2 Nbd7 13. Nc3 Rfe8 14. Ne4 Nxe4
15. Qxe4 Nf6 16. Qe3 Rad8 17. Ne5 Bh5 18. Rac1 c5 19. Bc3 cxd4 20. Bxd4 Qd6 21.
Bxa7 Qa6 22. Bb1 Nd7 23. Nxd7 Rxd7 24. Bd4 Bg6 25. Bxg6 hxg6 26. a3 Rc8 27. Qc3
f6 28. b4 e5 29. Be3 Rcd8 30. Qb2 Rd3 31. Rc3 Rd1 32. Rc1 Rxe1+ 33. Rxe1 Qxc4
34. Qc1 Qxc1 35. Rxc1 Rd7 36. Kf1 Kf7 37. Ke2 Ke6 38. Rc3 f5 39. Rd3 Rc7 40. Kd2
g5 41. Rc3 Rxc3 42. Kxc3 Kd5 43. a4 f4 44. Bc1 e4 45. h3 Bf6+ 46. Kb3 Bd4 47. g3
Bxf2 48. gxf4 e3 49. Bxe3 Bxe3 50. fxg5 Bxg5 51. a5 Be3 52. Ka4 g5 53. b5 Ke4
54. b6 Kf3 55. Kb5 Kg3 56. a6 bxa6+ 57. Kxa6 Bxb6 58. Kxb6 Kxh3 {White resigns}
0-1

[Event "Team 45 45 League T41"]
[Site "Internet Chess Club"]
[Date "2009.05.09"]
[Round "2"]
[White "Notscorwood"]
[Black "Esslinger"]
[Result "0-1"]
[WhiteElo "1477"]
[BlackElo "1367"]
[Opening "Scandinavian (center counter) defense"]
[ECO "B01"]
[Time "13:00:40"]
[TimeControl "2700+45"]

1. e4 d5 2. exd5 Qxd5 3. Nc3 Qa5 4. d4 Nf6 5. Bd2 Qb6 6. Nge2 Bf5 7. Bf4 c6 8.
Rb1 Na6 9. Ng3 Bg6 10. a3 e6 11. Bd3 Qxd4 12. Bxg6 Qxd1+ 13. Rxd1 hxg6 14. O-O
Be7 15. Nce4 O-O 16. Nxf6+ Bxf6 17. Rd7 Nc5 18. Rd2 Rfd8 19. Rfd1 Rxd2 20. Rxd2
Bxb2 21. Be3 Bxa3 22. Bxc5 Bxc5 23. Rd7 b6 24. Ne4 Bf8 25. Ng5 a5 26. Ne4 a4 27.
Nc3 b5 28. Rb7 b4 29. Na2 c5 30. Kf1 Rd8 31. Ke2 a3 32. Rc7 e5 33. f3 Kh7 34. g4
f6 35. h3 Kh6 36. h4 f5 37. Rf7 fxg4 38. fxg4 c4 39. Ke3 b3 40. cxb3 cxb3 41.
Nc3 Bc5+ 42. Ke4 Bd4 43. g5+ Kh7 44. Nd5 Rxd5 45. Kxd5 a2 46. Ra7 a1=Q 47. Rxa1
Bxa1 {White resigns} 0-1

[Event "Team 45 45 League T41"]
[Site "Internet Chess Club"]
[Date "2009.05.07"]
[Round "2"]
[White "TerryMalloy"]
[Black "Kingofknights"]
[Result "1-0"]
[WhiteElo "2003"]
[BlackElo "1692"]
[Opening "QGD Slav defense: exchange variation"]
[ECO "D10"]
[Time "21:30:55"]
[TimeControl "2700+45"]

1. d4 d5 2. c4 c6 3. cxd5 cxd5 4. Nc3 Nc6 5. e4 dxe4 6. d5 Ne5 7. Qa4+ Bd7 8.
Qxe4 Ng6 9. Bc4 Nf6 10. Qe2 Qc7 11. Nf3 a6 12. a4 Rc8 13. Bb3 Bg4 14. O-O Nh4
15. Bg5 Nxf3+ 16. gxf3 Bh3 17. Rfe1 Qd6 18. Kh1 Nd7 19. Rad1 Nc5 20. Bc2 h6 21.
Bh4 g5 22. Bg3 Qb6 23. Be5 f6 24. Bg6+ Kd8 25. d6 Bd7 26. Nd5 Qc6 27. Bg3 e5 28.
Nxf6 Bxd6 29. b4 Ne6 30. Nxd7 Qxd7 31. Bxe5 Nf4 32. Bxf4 gxf4 33. Bf5 Qxf5 34.
Qe7# {Black checkmated} 1-0

[Event "Team 45 45 League T41"]
[Site "Internet Chess Club"]
[Date "2009.05.07"]
[Round "2"]
[White "az2112"]
[Black "Ernie1"]
[Result "1/2-1/2"]
[WhiteElo "1754"]
[BlackElo "1641"]
[Opening "QGD semi-Slav: 5.e3"]
[ECO "D45"]
[Time "21:00:00"]
[TimeControl "2700+45"]

1. d4 c6 2. c4 d5 3. Nf3 Nf6 4. Nc3 e6 5. e3 Bb4 6. Bd3 dxc4 7. Bxc4 Nd5 8. Bd2
Qa5 9. Qc2 Nd7 10. O-O O-O 11. a3 Bxc3 12. bxc3 Qc7 13. Bd3 f5 14. e4 fxe4 15.
Bxe4 N7f6 16. Bd3 Nf4 17. Bxf4 Qxf4 18. Ne5 c5 19. Rad1 cxd4 20. cxd4 Rd8 21.
Qc5 Bd7 22. Qe7 Nd5 23. Qc5 Ba4 24. Rde1 b6 25. Qc4 b5 26. Qc6 Qf6 27. Nf3 Nf4
28. Be4 Rac8 29. Qb7 Rc3 30. Re3 Rxe3 31. fxe3 Ne2+ 32. Kh1 Qh6 33. Qc7 Rf8 34.
Nd2 Rxf1+ 35. Nxf1 Qf6 36. Qc8+ Kf7 37. Qd7+ Kf8 38. Qc8+ Kf7 39. Qd7+ Kf8 40.
Qc8+ Kf7 {Game drawn by repetition} 1/2-1/2

[Event "Team 45 45 League T41"]
[Site "Internet Chess Club"]
[Date "2009.05.11"]
[Round "2"]
[White "paulwright"]
[Black "sdcohle"]
[Result "1-0"]
[WhiteElo "1428"]
[BlackElo "1308"]
[Opening "Réti: King's Indian attack (Barcza system)"]
[ECO "A07"]
[Time "23:01:37"]
[TimeControl "2700+45"]

1. Nf3 d5 2. g3 Nf6 3. Bg2 Nc6 4. d3 g6 5. O-O Bg7 6. Nbd2 O-O 7. e4 dxe4 8.
dxe4 e5 9. c3 Re8 10. h3 Be6 11. Ng5 Qe7 12. Nxe6 Qxe6 13. Qe2 Red8 14. f4 exf4
15. gxf4 Bh6 16. Nc4 Bg7 17. Bd2 Nd5 18. Rae1 Nde7 19. Ne3 Qd7 20. Rf2 Qe6 21.
a3 a6 22. f5 gxf5 23. exf5 Qd7 24. Rd1 f6 25. Ng4 Nxf5 26. Nxf6+ Bxf6 27. Qg4+
Bg7 28. Rxf5 Qd6 29. Rd5 Qe7 30. Bg5 Rxd5 31. Bxd5+ Kh8 32. Bxe7 Nxe7 33. Qd7
Ng6 34. Bxb7 Rf8 35. Rf1 Ne5 36. Rxf8+ Bxf8 37. Qe8 Ng6 38. Be4 Kg7 39. Bxg6
hxg6 40. Qd7+ Kh6 41. Qxc7 Kh5 42. Qc8 Bc5+ 43. Qxc5+ {Black resigns} 1-0

[Event "Team 45 45 League T41"]
[Site "Internet Chess Club"]
[Date "2009.05.09"]
[Round "2"]
[White "Toalla"]
[Black "slipkid"]
[Result "0-1"]
[WhiteElo "1296"]
[BlackElo "1470"]
[Opening "Réti opening"]
[ECO "A04"]
[Time "15:03:58"]
[TimeControl "2700+45"]

1. Nf3 d6 2. g3 Nf6 3. Bg2 g6 4. O-O Bg7 5. d4 O-O 6. c3 c5 7. e3 Nc6 8. Nbd2
Bg4 9. h3 Bf5 10. Nh4 Bd7 11. f4 cxd4 12. exd4 e5 13. fxe5 dxe5 14. dxe5 Nxe5
15. Ndf3 Qb6+ 16. Kh2 Nxf3+ 17. Nxf3 Rad8 18. Qd4 Ng4+ {White resigns} 0-1

[Event "Team 45 45 League T41"]
[Site "Internet Chess Club"]
[Date "2009.05.10"]
[Round "2"]
[White "mongmong"]
[Black "TheronUAL"]
[Result "1-0"]
[WhiteElo "1611"]
[BlackElo "1529"]
[Opening "Queen's pawn game"]
[ECO "D04"]
[Time "19:30:08"]
[TimeControl "2700+45"]

1. d4 d5 2. Nf3 Nf6 3. e3 c6 4. Bd3 Bg4 5. h3 Bxf3 6. Qxf3 e6 7. Nd2 Nbd7 8. O-O
c5 9. c3 c4 10. Bc2 Bd6 11. e4 Bc7 12. e5 Bxe5 13. dxe5 Nxe5 14. Qe2 b5 15. Nf3
Nc6 16. Bg5 h6 17. Bh4 a5 18. Ne5 Nxe5 19. Qxe5 O-O 20. Bxf6 Qxf6 21. Qxf6 gxf6
22. f4 f5 23. g4 fxg4 24. hxg4 b4 25. Rad1 Rfb8 26. f5 a4 27. fxe6 fxe6 28. Rde1
Ra6 29. Rf6 Rbb6 30. Rxh6 b3 31. axb3 axb3 32. Bb1 Ra1 33. Kf2 Kf8 34. Rhh1 Rba6
35. Rhf1 Ke7 36. Ke3 Ra8 37. g5 Rh8 38. g6 Rh3+ 39. Kd2 Rg3 40. Rg1 Rxg1 41.
Rxg1 Kf8 42. g7+ Kg8 43. Bh7+ Kxh7 44. g8=Q+ Kh6 45. Qg6# {Black checkmated} 1-0

[Event "Team 45 45 League T41"]
[Site "Internet Chess Club"]
[Date "2009.05.10"]
[Round "2"]
[White "Pillsbury57"]
[Black "Andressa"]
[Result "0-1"]
[WhiteElo "1597"]
[BlackElo "1520"]
[Opening "QGD: Semi-Tarrasch, 5.cd"]
[ECO "D41"]
[Time "19:02:53"]
[TimeControl "2700+45"]

1. d4 d5 2. c4 e6 3. Nc3 Nf6 4. Nf3 c5 5. cxd5 Nxd5 6. e4 Nxc3 7. bxc3 cxd4 8.
cxd4 Bb4+ 9. Bd2 Nc6 10. Bxb4 Nxb4 11. Qa4+ Nc6 12. Bb5 Bd7 13. O-O a6 14. Bxc6
Bxc6 15. Qc2 O-O 16. Ne5 Qxd4 17. Nxc6 bxc6 18. Rad1 Qb6 19. Rd6 Rac8 20. Rc1
Rfd8 21. e5 Rxd6 22. exd6 c5 23. d7 Rd8 24. Qxc5 Qxc5 25. Rxc5 Kf8 26. Kf1 Rxd7
27. Rc8+ Ke7 28. Ke2 e5 29. Ke3 f5 30. g3 e4 31. Rc3 g6 32. f3 exf3 33. Kxf3 h5
34. h4 Ke6 35. a3 Rd1 36. Kf4 Rd4+ 37. Kg5 Rg4+ 38. Kh6 Kd5 39. Rb3 Ke4 40. Rb6
Kf3 41. Rxa6 Kxg3 42. a4 Kxh4 43. Rxg6 Rxa4 44. Rf6 f4 45. Rf5 Ra6+ 46. Kg7 Kg4
47. Rf8 f3 48. Kf7 f2 49. Ke7 Kg3 50. Rg8+ Kf3 51. Rh8 f1=Q 52. Rxh5 Qe2+ 53.
Kf7 Qe6+ 54. Kf8 Ra7 55. Rh7 Qc8# {White checkmated} 0-1

[Event "Team 45 45 League T41"]
[Site "Internet Chess Club"]
[Date "2009.05.10"]
[Round "2"]
[White "smsxman"]
[Black "achessfool"]
[Result "1-0"]
[WhiteElo "1471"]
[BlackElo "1448"]
[Opening "French: exchange, Svenonius variation"]
[ECO "C01"]
[Time "13:00:08"]
[TimeControl "2700+45"]

1. e4 e6 2. d4 d5 3. exd5 exd5 4. Nc3 Nf6 5. Bg5 c6 6. Nf3 Bg4 7. Be2 Bd6 8. O-O
O-O 9. Re1 Nbd7 10. a3 Re8 11. h3 Bh5 12. Nh2 Bxe2 13. Nxe2 h6 14. Bh4 Bxh2+ 15.
Kxh2 Qc7+ 16. Bg3 Qb6 17. b4 Ne4 18. c3 Nxg3 19. Nxg3 Nf6 20. a4 Qc7 21. Kg1
Rxe1+ 22. Qxe1 Re8 23. Qd2 Ne4 24. Qe3 Nxg3 25. Qxe8+ Kh7 26. fxg3 Qxg3 27. Qe1
g5 28. Qxg3 {Black resigns} 1-0

[Event "Team 45 45 League T41"]
[Site "Internet Chess Club"]
[Date "2009.05.11"]
[Round "2"]
[White "BishopMike"]
[Black "ElMarginal"]
[Result "0-1"]
[WhiteElo "1461"]
[BlackElo "1507"]
[Opening "Scandinavian (center counter) defense"]
[ECO "B01"]
[Time "20:03:11"]
[TimeControl "2700+45"]

1. e4 d5 2. exd5 Qxd5 3. Nc3 Qa5 4. d4 Nf6 5. Bd2 c6 6. Nf3 Bg4 7. g3 e6 8. Bg2
Be7 9. O-O Nbd7 10. Ne4 Qd8 11. a3 Nxe4 12. Be3 Nef6 13. Qd3 Bxf3 14. Bxf3 Nd5
15. Bd2 N7f6 16. c4 Nb6 17. b4 Nbd7 18. b5 Ne5 19. Bxc6+ bxc6 20. Qe2 Qxd4 21.
bxc6 Nxc6 22. Rad1 Qb2 23. Qf3 Qb7 24. Rb1 Qc8 25. Rb3 Nd4 {White resigns} 0-1